 Dungeon Crawl Stone Soup version 0.25-b1-23-ge2ad7d536c (webtiles) character file.

Game seed: 11385352600280211218, levelgen mode: deterministic

50 Esekla the Firebug (level 3, -2/32 HPs)
             Began as a Naga Wanderer on May 31, 2020.
             Slain by an adder (4 damage)
             ... on level 2 of the Dungeon.
             The game lasted 00:10:37 (2274 turns).

Esekla the Firebug (Naga Wanderer)                  Turns: 2274, Time: 00:10:38

Health: -2/32      AC: -2    Str: 13    XL:     3   Next: 79%
Magic:  2/5        EV:  8    Int: 12    God:
Gold:   45         SH:  3    Dex: 12    Spells: 4/5 levels left

rFire    . . .     SeeInvis +   j - +0 short sword
rCold    . . .     Gourm    .   c - +0 buckler
rNeg     . . .     Faith    .   d - +0 robe
rPois    +         Spirit   .   (no helmet)
rElec    .         Reflect  .   (no cloak)
rCorr    .         Harm     .   (no gloves)
MR       .....                  (no barding)
Stlth    +.........             (no amulet)
HPRegen  0.10/turn              a - -4 ring of protection (curse)
MPRegen  0.09/turn              g - ring of attention (curse)

@: lethally poisoned (-2 -> -8), short of breath, very slightly contaminated,
very slow
A: large, see invisible, deformed body, poison resistance, slowness 2, slow
metabolism 1, spit poison 1, AC +1
a: Spit Poison


You were on level 2 of the Dungeon.
You were hungry.

You visited 1 branch of the dungeon, and saw 2 of its levels.

You collected 45 gold pieces.

Inventory:

Hand Weapons
 j - a +0 short sword (weapon)
Armour
 c - a +0 buckler (worn)
 d - a +0 robe (worn)
Jewellery
 a - a cursed -4 ring of protection (left hand)
 e - a cursed -4 ring of strength {unknown}
 g - a cursed ring of attention (right hand)
Scrolls
 k - a scroll of amnesia {unknown}
Potions
 b - 3 potions of ambrosia {unknown}
 h - a potion of degeneration {unknown}
 i - a potion of magic {unknown}
Comestibles
 f - a ration


   Skills:
 * Level 2.1 Fighting
 + Level 0.3(1.2) Short Blades
   Level 2.0 Long Blades
 + Level 0.2 Dodging
 + Level 1.6 Stealth
 + Level 1.0 Shields
 * Level 1.5 Spellcasting
 * Level 0.6 Conjurations
   Level 1.0 Hexes
 + Level 3.4 Fire Magic


You had 4 spell levels left.
You knew the following spells:

 Your Spells              Type           Power        Failure   Level  Hunger
a - Foxfire               Conj/Fire      #...         16%         1    ##.....

Your spell library contained the following spells:

 Spells                   Type           Power        Failure   Level  Hunger
 Inner Flame              Hex/Fire       #.......     41%         3    ####...
 Conjure Flame            Conj/Fire      #.......     43%         3    ####...
 Ignite Poison            Fire/Tmut/Pois #.......     56%         3    ####...
 Sticky Flame             Conj/Fire      #.......     85%         4    #####..
 Fireball                 Conj/Fire      #.........   99%         5    ######.


Dungeon Overview and Level Annotations

Branches:
Dungeon (2/15)

Altars:


Innate Abilities, Weirdness & Mutations

You cannot wear boots.
Your serpentine skin is tough. (AC +1)
You have supernaturally acute eyesight. (SInv)
Armour fits poorly on your strangely shaped body.
Your system is resistant to poisons. (rPois)
You cover ground very slowly.
You have a slow metabolism.
You can spit poison.


Message History

The adder bites you.
You are more poisoned.
The adder poisons you!
Casting: Foxfire (safe; 16% risk of failure)
Confirm with . or Enter, or press ? or * to list all spells.
Okay, then.
Press: ? - help, Shift-Dir - straight line, f/p - adder
Aim: an adder (moderately wounded)
The splash of poison hits the adder.
The adder is severely wounded.
You feel slightly more hungry.
You feel sick. The adder bites you.
* * * LOW HITPOINT WARNING * * *
Casting: Foxfire (safe; 16% risk of failure)
Confirm with . or Enter, or press ? or * to list all spells.
You conjure some foxfire!
* * * LOW HITPOINT WARNING * * *
You feel sick. The adder bites you.
* * * LOW HITPOINT WARNING * * *
The adder bites you.
You die...

# ##### #. #)..# #.
#...# #.##...###
#<..v....# #..@v# .
#..S.# ..##..).##
#######
.........###.......
....#............#
..#.#.....#....#.#
. #
#.#'#....###.####
#.#.#....'......#
..#.#....#†#.##.#


You could see an adder.

Vanquished Creatures
  2 adders (D:2)
  An ooze (D:1)
  2 dart slugs (D:1)
  6 bats (D:1)
  A giant cockroach (D:1)
  3 goblins (D:1)
  A hobgoblin (D:1)
  A frilled lizard (D:1)
  4 kobolds
  4 rats (D:1)
25 creatures vanquished.

Vanquished Creatures (others)
  29 foxfires
29 creatures vanquished.

Grand Total: 54 creatures vanquished

Notes
Turn   | Place    | Note
-------+----------+-------------------------------------------
     0 | D:1      | Esekla the Naga Wanderer began the quest for the Orb.
     0 | D:1      | Esekla set off with the following items: a +0 club, a +0
                  | buckler, a +0 robe, a ration; and the following spell
                  | memorised: Foxfire; and the following spells available to
                  | memorise: Inner Flame, Conjure Flame, Ignite Poison, Sticky
                  | Flame, Fireball
     0 | D:1      | Reached XP level 1. HP: 18/18 MP: 2/2
   356 | D:1      | Reached XP level 2. HP: 7/25 MP: 1/3
  1589 | D:1      | Reached XP level 3. HP: 25/32 MP: 1/4
  2274 | D:2      | Slain by an adder

Illustrated notes

Levels and vault maps discovered:
D:1:      lightli_arrival_maybe_door_vault, layout_basic
D:2:      layout_basic, eat_drink_and_be_merry_uskayaw, lemuel_round_altar

Skill      XL: |  1  2  3 |
---------------+----------+-----
Fighting       | 2 |  2.1
Short Blades   | |  0.3
Long Blades    | |  2.0
Dodging        | |  0.2
Stealth        | |  1.6
Shields        | |  1.0
Spellcasting   | |  1.5
Conjurations   | |  0.6
Hexes          | |  1.0
Fire Magic     | |  3.4

Action                   || total
-------------------------++-------
Melee: Dagger            ||    48
       Club              ||     2
       Short sword       ||    10
 Cast: Foxfire           ||    17
 Abil: Spit Poison       ||     7
  Use: Scroll            ||     1
  Eat: Chunk             ||     3
Armor: Robe              ||     1
Dodge: Dodged            ||    50
Block: Buckler           ||    11
